 Dungeon Crawl Stone Soup version 0.24.0-29-g8ce449bc06 (webtiles) character file.

Game seed: 2800219841573971640, levelgen mode: deterministic

266 Johnny the Slasher (level 6, -1/59 HPs)
             Began as a Troll Berserker on Nov 16, 2019.
             Was a Believer of Trog.
             Slain by an adder (4 damage)
             ... while paralysed by Grinder
             ... on level 4 of the Dungeon.
             The game lasted 00:02:10 (2183 turns).

Johnny the Slasher (Troll Berserker)                Turns: 2183, Time: 00:02:11

Health: -1/59      AC:  6    Str: 28    XL:     6   Next: 0%
Magic:  5/5        EV:  1    Int:  3    God:    Trog [**....]
Gold:   167        SH:  0    Dex:  9    Spells: 5/5 levels left

rFire    . . .     SeeInvis .   a - +0 falchion
rCold    . . .     Gourm    +   (no shield)
rNeg     . . .     Faith    .   b - +0 animal skin
rPois    .         Spirit   .   (helmet restricted)
rElec    .         Reflect  .   (no cloak)
rCorr    .         Harm     .   (gloves unavailable)
MR       .....                  (boots unavailable)
Stlth    +.........             (no amulet)
HPRegen  0.59/turn              (no ring)
MPRegen  0.09/turn              (no ring)

@: paralysed
A: large, unfitting armour, claws 3, fast metabolism 3, gourmand, regeneration
1, shaggy fur 1, tough skin 3
a: Berserk, Trog's Hand, Renounce Religion


You were on level 4 of the Dungeon.
You worshipped Trog.
Trog was pleased with you.
You were not hungry.

You visited 1 branch of the dungeon, and saw 4 of its levels.

You collected 167 gold pieces.

Inventory:

Hand Weapons
 a - a +0 falchion (weapon)
Armour
 b - a +0 animal skin (worn)
Scrolls
 d - 2 scrolls of enchant weapon {unknown}
 e - 2 scrolls of immolation {unknown}
 g - a scroll of magic mapping {unknown}
 i - 3 scrolls of teleportation {unknown}
 k - a scroll of random uselessness {unknown}
 l - 3 scrolls of identify {unknown}
 n - a scroll of noise {unknown}
 o - a scroll of remove curse {unknown}
 r - a scroll of fog {unknown}
Potions
 f - a potion of berserk rage {unknown}
 h - a potion of might {unknown}
 j - 3 potions of flight {unknown}
 m - 2 potions of lignification {unknown}
 p - a potion of degeneration {unknown}
 q - a potion of cancellation {unknown}
 s - a potion of invisibility {unknown}
Comestibles
 c - 8 rations


   Skills:
 - Level 2.4 Fighting
 * Level 4.8 Long Blades
 + Level 3.7 Dodging


You had 5 spell levels left.
You didn't know any spells.
Your spell library was empty.

Dungeon Overview and Level Annotations

Branches:
Dungeon (4/15)             Temple (0/1) D:4

Altars:
Ashenzari
Kikubaaqudgha
Xom

Annotations:
D:4 Grinder


Innate Abilities, Weirdness & Mutations

You are too large for most types of armour.
You have claws for hands.
Your metabolism is lightning-fast.
You like to eat raw meat.
Your natural rate of healing is unusually fast.
You are covered in fur. (AC +1)
You have extremely tough skin. (AC +3)


Message History

You hit Grinder.
Grinder is lightly wounded.
The adder barely misses you. x2
Grinder says, "There's only one good use for a tongue: cutting it out."
Grinder hits you.
You writhe in agony.
You closely miss Grinder.
Grinder is lightly wounded.
The adder misses you.
You riposte.
You hit the adder.
The adder is moderately wounded.
Grinder gestures at you.
You suddenly lose the ability to move!
The adder bites you but does no damage. Grinder hits you!
You writhe in agony.
The adder bites you but does no damage. The adder bites you. Grinder hits you.
* * * LOW HITPOINT WARNING * * *
The adder bites you but does no damage. Grinder hits you!
* * * LOW HITPOINT WARNING * * *
You writhe in agony.
* * * LOW HITPOINT WARNING * * *
The adder bites you.
You die...

#########################
.........................
.......................>.
#P.P##.########.#.#.#...
##. ##.########.#.#.##..
#...#P........#.#.......
$.>.........#.#.........
#...#P.@.%..# #####.###.
##.##.?S5...# #.###.
#P.P........# #.....
##.#........# #####. #
######.### #. .. #. .##
#. .# #.


You could see Grinder and an adder.

Vanquished Creatures
  Eustachio (D:4)
  An orc priest (D:4)
  3 adders
  An ooze (D:1)
  3 dart slugs
  A leopard gecko (D:1)
  3 orcs
  6 bats
  A giant cockroach (D:1)
  8 goblins
  3 hobgoblins
  3 jackals (D:3)
  4 kobolds
  A quokka (D:3)
  5 frilled lizards
  3 rats
47 creatures vanquished.

Vanquished Creatures (others)
  A human (D:2)
1 creature vanquished.

Grand Total: 48 creatures vanquished

Notes
Turn   | Place    | Note
-------+----------+-------------------------------------------
     0 | D:1      | Johnny the Troll Berserker began the quest for the Orb.
     0 | D:1      | Reached XP level 1. HP: 22/22 MP: 0/0
    93 | D:1      | Reached XP level 2. HP: 29/29 MP: 1/1
   148 | D:1      | Reached skill level 3 in Long Blades
   623 | D:2      | Reached ** piety under Trog
   710 | D:2      | Reached XP level 3. HP: 33/36 MP: 2/2
   729 | D:2      | Found an ancient bone altar of Kikubaaqudgha.
   731 | D:2      | Noticed a human
   735 | D:2      | Killed a human
  1097 | D:3      | Found a shattered altar of Ashenzari.
  1271 | D:3      | Reached XP level 4. HP: 42/44 MP: 3/3
  1775 | D:3      | Found a shimmering altar of Xom.
  1855 | D:4      | Noticed Eustachio
  1878 | D:4      | Killed Eustachio
  1878 | D:4      | Reached skill level 4 in Long Blades
  1878 | D:4      | Reached XP level 5. HP: 39/50 MP: 4/4
  1984 | D:4      | Reached XP level 6. HP: 54/59 MP: 5/5
  2172 | D:4      | Noticed Grinder
  2173 | D:4      | Found a staircase to the Ecumenical Temple.
  2179 | D:4      | Paralysed by Grinder for 7 turns
  2182 | D:4      | HP: 2/59 [Grinder (6)]
  2183 | D:4      | Slain by an adder

Levels and vault maps discovered:
D:1:      saegor_arrival_simple_e, layout_rooms, minmay_tromino_mix6
D:2:      layout_basic, tgw_kikubaaqudgha
D:3:      layout_basic, old_standard_altar, nicolae_ashenzari_panopticon
D:4:      layout_basic, okawaru_altar_gauntlet_db,
          minmay_temple_entry_gardened_gates, first_ration,
          kennysheep_pointless_box, uniq_eustachio, uniq_grinder

Skill      XL: |  1  2  3  4 |
---------------+-------------+-----
Long Blades    | 3 4 |  4.8
Dodging        | 3 |  3.7
Fighting       | |  2.4

Action                   |  1- 3 |  4- 6 || total
-------------------------+-------+-------++-------
Melee: Falchion          |   100 |    51 ||   151
Invok: Berserk           |       |     2 ||     2
 Stab: Sleeping          |     1 |       ||     1
  Eat: Chunk             |    17 |     5 ||    22
Armor: Animal skin       |    43 |    36 ||    79
Dodge: Dodged            |    78 |    35 ||   113
       Rpst.: Falchion   |    29 |    12 ||    41
